 Dungeon Crawl Stone Soup version 0.29.1-15-g9cfb28693d (webtiles) character file.

Game seed: 18331840231062901597

12615 joshua the Cleaver (level 11, 0/104 HPs)
             Began as a Minotaur Fighter on Mar 24, 2023.
             Was an Initiate of Okawaru.
             Slain by a troll (10 damage)
             ... on level 9 of the Dungeon.
             The game lasted 00:55:54 (10968 turns).

joshua the Cleaver (Minotaur Fighter)              Turns: 10968, Time: 00:55:54

Health: 0/104      AC: 23    Str: 23    XL:     11   Next: 64%
Magic:  10/10      EV:  8    Int: 13    God:    Okawaru [......]
Gold:   956        SH: 13    Dex: 14    Spells: 10/10 levels left

rFire   x x .      SeeInvis .   a - +1 war axe
rCold   x . .      Faith    .   P - +2 buckler
rNeg    . . .      Spirit   .   K - +0 chain mail
rPois   +          Reflect  .   (helmet restricted)
rElec   .          Harm     .   (no cloak)
rCorr   .          Rampage  .   E - +0 pair of gloves
Will    +....                   L - +0 pair of boots
Stlth   ..........              y - amulet of Elemental Vulnerability {rPois rF-- rC-- AC+8}
HPRegen 0.27/turn               k - +6 ring of dexterity
MPRegen 0.12/turn               j - ring of protection from cold

@: studying Axes, invisible
A: horns 2, retaliatory headbutt, large bone plates 1, clever 2, strong-willed 1
a: Renounce Religion


You were on level 9 of the Dungeon.
You worshipped Okawaru.
Okawaru was noncommittal.
You visited 2 branches of the dungeon, and saw 11 of its levels.
You also visited: Sewer.

You collected 956 gold pieces.

Inventory:

Hand Weapons
 a - a +1 war axe (weapon)
 h - a +2 dagger of venom
 i - a +1 hand axe
 s - a +0 spear of chaos
 D - a +3 morningstar of freezing
 I - a +0 whip
 N - a +2 halberd of venom
 O - a +2 spear of electrocution
Missiles
 z - 3 throwing nets (quivered)
Armour
 b - a +0 scale mail
 c - a +1 buckler
 u - an orb of light
 x - a +0 ring mail
 E - a +0 pair of gloves (worn)
 K - a +0 chain mail (worn)
 L - a +0 pair of boots (worn)
 P - a +2 buckler (worn)
 Q - a +2 ring mail
Jewellery
 j - a ring of protection from cold (right hand)
 k - a +6 ring of dexterity (left hand)
 q - the ring of Ceistoam {AC+4 Int+5 Slay+2}
   (You took it off a gnoll bouda on level 7 of the Dungeon)

   [ring of protection]

   AC:        It affects your AC (+4).
   Int:       It affects your intelligence (+5).
   Slay:      It affects your accuracy & damage with ranged weapons and melee
   (+2).
 w - a ring of ice
 y - the amulet of Elemental Vulnerability (around neck) {rPois rF-- rC-- AC+8}
   (You found it on level 4 of the Dungeon)

   [amulet of nothing]

   AC:        It affects your AC (+8).
   rF:        It makes you very vulnerable to fire.
   rC:        It makes you very vulnerable to cold.
   rPois:     It protects you from poison.
 B - a ring of willpower
 F - a ring of fire
 G - an amulet of reflection
 V - a +4 ring of protection
Wands
 d - a wand of mindburst (18)
 r - a wand of digging (12)
 J - a wand of iceblast (9)
 M - a wand of flame (10)
Scrolls
 l - a scroll of enchant weapon
 m - 2 scrolls of butterflies
 o - a scroll of immolation
 H - a scroll of vulnerability {unknown}
 R - a scroll of magic mapping
 S - a scroll of teleportation {unknown}
 T - a scroll of identify
 U - a scroll of brand weapon {unknown}
Potions
 f - 3 potions of degeneration
 g - a potion of invisibility
 n - 4 potions of lignification
 p - 3 potions of magic
 t - 3 potions of brilliance
 v - a potion of cancellation
 A - a potion of mutation
 C - a potion of flight
Miscellaneous
 e - a phantom mirror


   Skills:
 + Level 11.8 Fighting
 + Level 12.4 Axes
 + Level 11.8 Armour
 + Level 11.8 Shields


You had 10 spell levels left.
You didn't know any spells.
Your spell library contained the following spells:

 Spells                   Type           Power      Damage    Failure   Level
 Apportation              Tloc           0%         N/A       88%         1
 Beastly Appendage        Tmut           0%         N/A       88%         1
 Necrotise                Necr           0%         1d4       88%         1
 Wereblood                Tmut           0%         N/A       96%         2
 Spider Form              Tmut/Pois      0%         N/A       99%         3
 Vampiric Draining        Necr           0%         2d6       99%         3
 Agony                    Necr           0%         N/A       100%        5
 Summon Small Mammal      Summ           Unusable   N/A       N/A         1

Dungeon Overview and Level Annotations

Branches:
Dungeon (10/15)            Temple (1/1) D:6           Sewer (visited)
   Lair: D:8-11         Orc: D:9-12

Altars:
Ashenzari
Cheibriados
Dithmenos
Elyvilon
Fedhas
Gozag
Hepliaklqana
Kikubaaqudgha
Makhleb
Nemelex Xobeh
Okawaru
Qazlal
Ru
Sif Muna
Trog
Uskayaw
Vehumet
Wu Jian
Xom
Yredelemnul
Zin
The Shining One

Shops:
D:1 *   D:3 (   D:4 *


Innate Abilities, Weirdness & Mutations

You have a pair of horns on your head.
You reflexively headbutt those who attack you in melee.
You are partially covered in large bone plates. (SH +4)
Your mind is very acute. (Int +8, Str/Dex -2)
You are strong-willed. (Will+)


Message History

You block Lodul's attack.
You hit Lodul. Your headbutt misses Lodul.
Lodul is almost dead.
You barely miss Lodul. You headbutt Lodul, but do no damage.
Lodul is almost dead.
You block Lodul's attack.
You hit Lodul but do no damage.
Lodul is almost dead.
Lodul hits you with a +0 dire flail!
You slice Lodul!!
You kill Lodul!
Okawaru is honoured by your kill.
n - 4 potions of lignification (gained 1)
You now have 956 gold pieces (gained 201).
Things that are here:
a +0 dire flail; the ogre corpse of Lodul
There is a stone staircase leading down, spattered with blood here.
Things that are here:
a +0 giant club; an ogre corpse You start resting.
HP restored.
There is a stone staircase leading down, spattered with blood here.
You climb downwards.
You block the ogre's attack.
The ogre hits you with a +0 giant spiked club!
The ogre barely misses you. You block the troll's attack.
The troll claws you but does no damage. x2
The ogre hits you with a +0 giant spiked club!!
There is a stone staircase leading up, spattered with blood here.
The troll bites you! The troll closely misses you.
The troll claws you but does no damage. The ogre hits you with a +0 giant club!
You block the ogre's attack. The ogre hits you but does no damage.
You block the ogre's attack.
You climb upwards.
There is a stone staircase leading down, spattered with blood here.
The ogre attacks as you move away! The ogre hits you with a +0 giant club!
The ogre hits you with a +0 giant spiked club!!
* * * LOW HITPOINT WARNING * * *
You fade into invisibility!
You block the troll's attack. The troll claws you!
You die...

.......#### #.# ######......#
##.....# #.###...........#
##..)..# #.....#####.#####
.......#######.....# #.#
............#..)...# #.#
...............>...# ##.#
............#..)OO.# #..#
..#####........OTO.# ##.#####
..# #.....##..@..# #......#
..#####.....####.#####.#....#
......<.....# #.# ##..#....#
...###......# #.# #..##....#
#..##.......####.# #.##...###
#.............##.# #.#..###
....###..........# #....#
....##..#...##.#####...##
#....>..#...##.........#


You could see a troll (unable to see you) and 4 ogres.

Vanquished Creatures
  A hydra (D:7)
  3 two-headed ogres
  Lodul (D:9)
  Pikel (D:6)
  A deep elf pyromancer (D:6)
  The ghost of sigtrap the Skirmisher, a novice SpHu of the Shining One (D:7)
  A gargoyle (D:7)
  A tarantella (shapeshifter) (D:7)
  A hornet (D:6)
  Grinder (Sewer)
  10 yaks
  A vampire (D:6)
  A wraith (D:9)
  A wyvern (D:9)
  The ghost of Ast3rio the Shield-Bearer, an amateur FoFi (D:4)
  A steam dragon (D:7)
  3 vampire mosquitoes
  2 water moccasins
  3 orc warriors
  2 ice beasts
  2 sky beasts
  A black bear (D:8)
  2 ogres
  7 centaurs
  2 phantoms
  A kobold brigand (D:7)
  6 necrophages
  4 bullfrogs
  5 gnoll sergeants (D:7)
  2 scorpions (D:6)
  6 wights
  2 killer bees (D:7)
  4 howler monkeys
  3 hounds
  7 jellies
  10 orc priests
  4 gnoll boudas
  13 orc wizards
  Natasha (thrice) (D:2)
  An iguana (D:7)
  28 gnolls
  6 adders
  A shadow imp (D:7)
  2 white imps
  5 ufetubi
  5 worms
  A dart slug (D:1)
  29 orcs
  11 ball pythons
  4 bats
  A bat zombie (Sewer)
  8 endoplasms
  5 giant cockroaches
  5 goblins
  3 hobgoblins
  3 jackals (D:3)
  4 quokkas
  4 frilled lizards
  A giant cockroach zombie (Sewer)
  24 kobolds
  A kobold zombie (Sewer)
  13 rats
286 creatures vanquished.

Vanquished Creatures (others)
  15 plants (D:7)
15 creatures vanquished.

Grand Total: 301 creatures vanquished

Notes
Turn   | Place    | Note
-------+----------+-------------------------------------------
     0 | D:1      | joshua the Minotaur Fighter began the quest for the Orb.
     0 | D:1      | Reached XP level 1. HP: 19/19 MP: 0/0
   129 | D:1      | Found Qituc's General Store.
   149 | D:1      | Reached XP level 2. HP: 27/27 MP: 1/1
   730 | D:2      | Found a faded altar of an unknown god.
   804 | D:2      | Reached skill level 3 in Axes
   804 | D:2      | Reached XP level 3. HP: 33/33 MP: 2/2
   829 | D:2      | Noticed Natasha
   835 | D:2      | Killed Natasha
   836 | D:2      | Reached XP level 4. HP: 32/41 MP: 3/3
   841 | D:2      | Noticed Natasha
   845 | D:2      | Killed Natasha
  1144 | D:2      | Noticed Natasha
  1148 | D:2      | Killed Natasha
  1149 | D:2      | Reached XP level 5. HP: 47/47 MP: 4/4
  1457 | D:3      | Reached skill level 4 in Axes
  1479 | D:3      | Reached skill level 5 in Fighting
  1479 | D:3      | Reached skill level 5 in Armour
  1479 | D:3      | Reached skill level 5 in Shields
  1823 | D:3      | Found Yram's Weapon Shoppe.
  1891 | D:4      | Found the amulet of Elemental Vulnerability {rPois rF--
                  | rC-- AC+8}
  1894 | D:4      | Reached XP level 6. HP: 43/56 MP: 5/5
  2520 | D:4      | Found Yklofen's General Store.
  2863 | D:4      | Found a large runed translucent door.
  2863 | D:4      | Found a large runed translucent door.
  2868 | D:4      | Noticed Ast3rio's ghost (amateur FoFi)
  3197 | D:5      | Entered Level 5 of the Dungeon
  3208 | D:5      | Found a glowing drain.
  3220 | Sewer    | Entered a sewer
  3333 | Sewer    | Found an ancient bone altar of Kikubaaqudgha.
  3344 | Sewer    | Reached XP level 7. HP: 47/58 MP: 6/6
  3354 | Sewer    | Reached skill level 5 in Axes
  3675 | Sewer    | Noticed Grinder
  3683 | Sewer    | Killed Grinder
  3915 | D:5      | Gained mutation: Your body sometimes deteriorates upon
                  | taking damage. [potion of mutation]
  3915 | D:5      | Gained mutation: You are clumsy. (Dex -2) [potion of
                  | mutation]
  3915 | D:5      | Gained mutation: You have an increased reservoir of magic.
                  | (+10% MP) [potion of mutation]
  3916 | D:5      | Lost mutation: You have an increased reservoir of magic.
                  | (+10% MP) [potion of mutation]
  3916 | D:5      | Lost mutation: You are clumsy. (Dex -2) [potion of
                  | mutation]
  3916 | D:5      | Lost mutation: Your body sometimes deteriorates upon taking
                  | damage. [potion of mutation]
  3916 | D:5      | Gained mutation: You possess an exceptional clarity of
                  | mind. [potion of mutation]
  3916 | D:5      | Gained mutation: You are somewhat resistant to further
                  | mutation. [potion of mutation]
  3917 | D:5      | Lost mutation: You are somewhat resistant to further
                  | mutation. [potion of mutation]
  3917 | D:5      | Lost mutation: You possess an exceptional clarity of mind.
                  | [potion of mutation]
  3917 | D:5      | Gained mutation: You are strong-willed. (Will+) [potion of
                  | mutation]
  3917 | D:5      | Gained mutation: Your mind is acute. (Int +4, Str/Dex -1)
                  | [potion of mutation]
  3917 | D:5      | Gained mutation: Your mind is very acute. (Int +8, Str/Dex
                  | -2) [potion of mutation]
  3917 | D:5      | Gained mutation: You are partially covered in large bone
                  | plates. (SH +4) [potion of mutation]
  3966 | D:5      | Reached skill level 6 in Axes
  3966 | D:5      | Reached XP level 8. HP: 24/71 MP: 7/7
  4761 | D:4      | Killed Ast3rio's ghost
  5522 | D:6      | Reached skill level 7 in Axes
  5682 | D:6      | Found a staircase to the Ecumenical Temple.
  5695 | Temple   | Entered the Ecumenical Temple
  6183 | D:7      | Reached XP level 9. HP: 55/80 MP: 8/8
  6649 | D:7      | Found a transporter.
  6730 | D:7      | Found a transporter.
  6766 | D:7      | Noticed sigtrap's ghost (novice SpHu)
  6794 | D:7      | Identified the ring of Ceistoam {AC+4 Int+5 Slay+2}
  6850 | D:7      | Reached skill level 8 in Axes
  7003 | D:7      | Noticed Pikel
  7114 | D:6      | Killed Pikel
  7208 | D:7      | Noticed a gargoyle
  7227 | D:7      | Killed a gargoyle
  7228 | D:7      | Reached skill level 9 in Axes
  7228 | D:7      | Reached XP level 10. HP: 49/91 MP: 9/9
  7400 | D:7      | Noticed a five-headed hydra
  7408 | D:7      | Killed a six-headed hydra
  7637 | D:7      | Noticed a deep elf pyromancer
  7655 | D:6      | Reached skill level 10 in Fighting
  7655 | D:6      | Reached skill level 10 in Armour
  7655 | D:6      | Reached skill level 10 in Shields
  7750 | D:6      | Paralysed by a hornet for 2 turns
  7974 | D:6      | Killed a deep elf pyromancer
  7975 | D:6      | Reached skill level 10 in Axes
  8736 | D:7      | Killed sigtrap's ghost
  8759 | D:7      | Reached XP level 11. HP: 8/101 MP: 10/10
  9515 | D:8      | Noticed a two-headed ogre
  9527 | D:8      | Killed a two-headed ogre
  9831 | D:8      | Reached skill level 11 in Axes
 10366 | D:9      | Noticed a two-headed ogre
 10379 | D:9      | Killed a two-headed ogre
 10489 | D:9      | Reached skill level 12 in Axes
 10557 | D:9      | Noticed a two-headed ogre
 10571 | D:9      | Killed a two-headed ogre
 10583 | D:9      | Found an iron altar of Okawaru.
 10592 | D:9      | Became a worshipper of Warmaster Okawaru
 10758 | D:10     | Entered Level 10 of the Dungeon
 10758 | D:10     | Noticed Lodul
 10771 | D:9      | Killed Lodul
 10968 | D:9      | Slain by a troll

Illustrated notes

Levels and vault maps discovered:
D:1:      elethiomel_arrival_maze, layout_basic, serial_shops,
          nicolae_diamond_shop
D:2:      layout_rooms, nicolae_ecumenical_snake_handling, minmay_fountain_box,
          chequers_serial_rivers_micro_a, minmay_misc_feat_doors, uniq_natasha
D:3:      layout_rooms, serial_shops, shop
D:4:      layout_loops_ring, ebering_ghost_disaster_area, chequers_arboretum,
          nicolae_stop_n_shop_1, chequers_serial_rivers_small_3, minivault_19
D:5:      layout_rooms, cheibrodos_sewer_entry_drain
D:6:      layout_loops_ring, minmay_temple_entry_purple_smoke, hex_tiny,
          kennysheep_generic_room_5
D:7:      nzn_winding_woodlands_stair_cross [nzn_winding_woodlands_5x15_pool,
          nzn_winding_woodlands_center_garden,
          nzn_winding_woodlands_5x15_lazy_stream,
          nzn_winding_woodlands_5x5_closed_star,
          nzn_winding_woodlands_5x5_three,
          nzn_winding_woodlands_5x15_sidewinder,
          nzn_winding_woodlands_center_lodge,
          nzn_winding_woodlands_5x15_split_checker], layout_basic,
          gammafunk_ghost_gnarly_gnolls, uniq_pikel
D:8:      layout_loops_ring
D:9:      layout_rooms, nicolae_overflow_crystal_walls,
          nicolae_underground_beach
D:10:     layout_roguey, erik_lair_orcish_takeover, st_stairs_14, uniq_fannar,
          uniq_lodul, uniq_harold
Temple:   roderic_octagonal_lattice_temple

Skill      XL: |  1  2  3  4  5  6  7  8  9 10 11 |
---------------+----------------------------------+-----
Fighting       | 4 5 6 8 9 10 11 | 11.8
Armour         | 4 5 6 7 9 10 11 | 11.8
Shields        | 4 5 6 8 9 10 11 | 11.8
Axes           | 3 4 6 7 9 10 12 | 12.4

Action                   |  1- 3 |  4- 6 |  7- 9 | 10-12 || total
-------------------------+-------+-------+-------+-------++-------
Melee: War axe           |    48 |   167 |   251 |   331 ||   797
       Headbutt          |     5 |    27 |    52 |    80 ||   164
       Morningstar       |       |       |       |    14 ||    14
  Use: Scroll            |       |    13 |     8 |     1 ||    22
       Potion            |       |       |     5 |    10 ||    15
 Stab: Invisible         |       |       |       |     1 ||     1
Armor: Scale mail        |    22 |    93 |   143 |       ||   258
       Chain mail        |       |       |     2 |   226 ||   228
Dodge: Dodged            |    25 |    95 |    97 |    90 ||   307
Block: Buckler           |     9 |    47 |   128 |   248 ||   432
